[ AOE2 MATCH · #461984299 ]
UnrankedBulgarians vs Turks
[ REPLAY ANALYSIS · EXTRACTED FROM THE RECORDED GAME ]
Feudal
13:31
Castle
18:44
Imperial
34:33
| APM avg | 21.7 |
| APM peak | 49 |
| eAPM avg | 14.0 |
| Villagers / military | 100 / 77 |
Focus
⚔️ 20.4% · 🌾 79.6%
Konnik ×76 · Monk ×1
Feudal
10:32
Castle
19:26
Imperial
38:00
| APM avg | 51.9 |
| APM peak | 104 |
| eAPM avg | 27.3 |
| Villagers / military | 101 / 99 |
Focus
⚔️ 56.3% · 🌾 43.7%
Hand Cannoneer ×43 · Cavalry Archer ×25 · Scout Cavalry ×17 · Knight ×7 · Archer ×6 · Monk ×1
Feudal
13:27
Castle
26:18
Imperial
—
| APM avg | 32.5 |
| APM peak | 72 |
| eAPM avg | 16.8 |
| Villagers / military | 77 / 64 |
Focus
⚔️ 22.8% · 🌾 77.2%
Huskarl ×28 · Spearman ×14 · Militia ×12 · Scout Cavalry ×6 · Battering Ram ×3 · Mangonel ×1
Feudal
11:58
Castle
19:50
Imperial
—
| APM avg | 22.7 |
| APM peak | 48 |
| eAPM avg | 16.7 |
| Villagers / military | 91 / 15 |
Focus
⚔️ 19.0% · 🌾 81.0%
Archer ×10 · Knight ×3 · Spearman ×2
Match map
Initial resources + every placement click. Lines = walls · curves = elevation contours. ◆ gold · ⬟ stone · ● berries · ✦ relic · ◌ wall gap
Your base· ✓ Closed at 18:44 · 13t walls · no gate
DEMON_JR_KUKAH's base· ✓ Closed at 19:26 · 0t walls · 1 gate(s) · fragile
quierotetris's base· ✓ Closed at 26:18 · 10t walls · 1 gate(s)
ANDREZZA_KUKAH's base· ✓ Closed at 19:50 · 20t walls · 2 gate(s) · fragile
Smoothed initial terrain · ◌ = detected wall gap · hover for details
Inputs per minute
— TheSaxonKnight - - DEMON_JR_KUKAH
Build order — TheSaxonKnight
First 150 of 272 actions detected
| 0:07 | Build | House |
| 0:11 | Build | House |
| 0:16 | Create | Villager (Male) |
| 0:16 | Create | Villager (Male) |
| 0:17 | Create | Villager (Male) |
| 1:40 | Create | Villager (Male) |
| 1:41 | Create | Villager (Male) |
| 1:41 | Create | Villager (Male) |
| 2:10 | Create | Villager (Male) |
| 2:36 | Build | Palisade Wall |
| 2:51 | Create | Villager (Male) |
| 3:26 | Build | House |
| 3:31 | Create | Villager (Male) |
| 3:31 | Create | Villager (Male) |
| 3:31 | Create | Villager (Male) |
| 4:46 | Create | Villager (Male) |
| 5:15 | Build | Lumber Camp |
| 5:26 | Build | Lumber Camp |
| 5:32 | Create | Villager (Male) |
| 5:33 | Create | Villager (Male) |
| 5:48 | Create | Villager (Male) |
| 5:49 | Create | Villager (Male) |
| 6:31 | Build | Mining Camp |
| 6:35 | Create | Villager (Male) |
| 6:51 | Create | Villager (Male) |
| 7:17 | Create | Villager (Male) |
| 7:17 | Create | Villager (Male) |
| 7:17 | Create | Villager (Male) |
| 7:22 | Build | House |
| 7:43 | Create | Villager (Male) |
| 7:44 | Create | Villager (Male) |
| 7:49 | Build | Mill |
| 8:33 | Create | Villager (Male) |
| 8:41 | Build | House |
| 9:03 | Build | Mill |
| 9:26 | Research | Loom |
| 9:47 | Research | Loom |
| 10:06 | Create | Villager (Male) |
| 10:07 | Create | Villager (Male) |
| 11:21 | Research | Feudal Age |
| 11:28 | Build | Barracks |
| 11:36 | Build | Farm |
| 11:37 | Build | Farm |
| 11:38 | Build | Farm |
| 12:51 | Create | Villager (Male) |
| 12:51 | Create | Villager (Male) |
| 12:52 | Create | Villager (Male) |
| 13:31 | Age | Feudal Age |
| 13:38 | Build | Blacksmith |
| 13:51 | Build | Market |
| 13:55 | Research | Double-Bit Axe |
| 14:09 | Build | House |
| 14:49 | Create | Villager (Male) |
| 14:49 | Create | Villager (Male) |
| 14:49 | Create | Villager (Male) |
| 15:23 | Build | Mining Camp |
| 15:45 | Build | Farm |
| 15:46 | Build | Farm |
| 15:47 | Build | Farm |
| 15:59 | Research | Castle Age |
| 16:11 | Build | Farm |
| 16:14 | Build | Farm |
| 16:16 | Build | Farm |
| 16:19 | Build | Farm |
| 16:20 | Build | Farm |
| 16:36 | Create | Villager (Male) |
| 16:37 | Create | Villager (Male) |
| 16:46 | Build | Farm |
| 16:51 | Build | Farm |
| 17:06 | Build | House |
| 17:10 | Research | Horse Collar |
| 17:16 | Create | Villager (Male) |
| 17:43 | Build | House |
| 17:48 | Create | Villager (Male) |
| 17:53 | Research | Gold Mining |
| 18:24 | Build | House |
| 18:24 | Build | House |
| 18:24 | Build | House |
| 18:24 | Build | House |
| 18:35 | Research | Wheelbarrow |
| 18:44 | Age | Castle Age |
| 18:48 | Build | Krepost |
| 19:11 | Build | Town Center |
| 20:22 | Build | Monastery |
| 20:26 | Create | Villager (Male) |
| 20:26 | Create | Villager (Male) |
| 20:27 | Create | Villager (Male) |
| 20:39 | Create | Konnik |
| 20:39 | Create | Konnik |
| 20:40 | Create | Konnik |
| 20:51 | Research | Town Watch |
| 20:56 | Build | Farm |
| 21:26 | Create | Villager (Male) |
| 21:26 | Create | Villager (Male) |
| 21:26 | Create | Villager (Male) |
| 21:39 | Research | Forging |
| 21:46 | Build | Farm |
| 21:50 | Build | Farm |
| 21:56 | Create | Villager (Male) |
| 21:57 | Create | Villager (Male) |
| 21:57 | Create | Villager (Male) |
| 22:06 | Create | Konnik |
| 22:06 | Create | Konnik |
| 22:06 | Create | Konnik |
| 22:11 | Create | Monk |
| 22:19 | Build | Farm |
| 22:37 | Create | Villager (Male) |
| 22:38 | Create | Villager (Male) |
| 22:49 | Create | Villager (Male) |
| 22:51 | Create | Villager (Male) |
| 23:11 | Create | Konnik |
| 23:14 | Research | Scale Barding Armor |
| 23:27 | Create | Villager (Male) |
| 23:28 | Create | Villager (Male) |
| 23:34 | Create | Villager (Male) |
| 23:50 | Research | Chain Barding Armor |
| 24:03 | Build | House |
| 24:03 | Build | House |
| 24:03 | Build | House |
| 24:03 | Build | House |
| 24:04 | Build | House |
| 24:04 | Build | House |
| 24:24 | Build | Farm |
| 24:24 | Build | Farm |
| 24:30 | Research | Heavy Plow |
| 24:32 | Research | Bow Saw |
| 24:44 | Research | Iron Casting |
| 24:56 | Build | Farm |
| 25:00 | Create | Villager (Male) |
| 25:00 | Create | Villager (Male) |
| 25:32 | Create | Villager (Male) |
| 25:37 | Build | Farm |
| 25:39 | Create | Villager (Male) |
| 25:39 | Create | Villager (Male) |
| 25:46 | Create | Konnik |
| 25:46 | Create | Konnik |
| 25:47 | Create | Konnik |
| 26:14 | Build | Krepost |
| 26:33 | Research | Scale Mail Armor |
| 26:44 | Build | Farm |
| 26:45 | Build | Farm |
| 26:50 | Build | Farm |
| 26:51 | Build | Farm |
| 26:54 | Research | Hand Cart |
| 26:57 | Create | Villager (Male) |
| 26:57 | Create | Villager (Male) |
| 26:58 | Create | Villager (Male) |
| 27:30 | Research | Town Patrol |
| 27:47 | Research | Chain Mail Armor |
| 28:05 | Create | Villager (Male) |
Build order — DEMON_JR_KUKAH
First 150 of 285 actions detected
| 0:00 | Create | Villager (Male) |
| 0:00 | Create | Villager (Male) |
| 0:01 | Create | Villager (Male) |
| 0:02 | Build | House |
| 0:03 | Build | House |
| 0:10 | Create | Villager (Male) |
| 1:30 | Create | Villager (Male) |
| 1:48 | Build | Lumber Camp |
| 1:54 | Create | Villager (Male) |
| 1:55 | Create | Villager (Male) |
| 2:22 | Create | Villager (Male) |
| 3:13 | Create | Villager (Male) |
| 3:25 | Create | Villager (Male) |
| 3:32 | Create | Villager (Male) |
| 4:10 | Create | Villager (Male) |
| 4:20 | Build | House |
| 4:22 | Create | Villager (Male) |
| 4:44 | Create | Villager (Male) |
| 5:12 | Create | Villager (Male) |
| 5:12 | Create | Villager (Male) |
| 5:27 | Build | House |
| 5:28 | Create | Villager (Male) |
| 5:39 | Build | Mill |
| 6:39 | Build | House |
| 6:54 | Create | Villager (Male) |
| 7:28 | Build | Palisade Gate |
| 8:13 | Build | Barracks |
| 8:22 | Research | Feudal Age |
| 9:16 | Build | Mining Camp |
| 10:32 | Age | Feudal Age |
| 10:41 | Build | Archery Range |
| 10:46 | Create | Villager (Male) |
| 10:47 | Create | Villager (Male) |
| 11:33 | Create | Villager (Male) |
| 11:53 | Create | Villager (Male) |
| 12:04 | Build | Farm |
| 12:12 | Create | Archer |
| 12:12 | Create | Archer |
| 12:15 | Create | Villager (Male) |
| 12:19 | Build | Farm |
| 12:21 | Build | Farm |
| 12:35 | Build | Farm |
| 12:37 | Create | Villager (Male) |
| 12:53 | Build | House |
| 13:10 | Create | Villager (Male) |
| 13:32 | Create | Villager (Male) |
| 13:41 | Build | Market |
| 14:00 | Create | Villager (Male) |
| 14:13 | Build | House |
| 14:19 | Build | Blacksmith |
| 14:22 | Create | Villager (Male) |
| 14:30 | Build | Farm |
| 14:41 | Create | Villager (Male) |
| 15:04 | Build | Farm |
| 15:04 | Build | Farm |
| 15:31 | Research | Loom |
| 15:34 | Build | Farm |
| 15:37 | Build | Farm |
| 15:56 | Create | Villager (Male) |
| 16:08 | Create | Villager (Male) |
| 16:42 | Research | Castle Age |
| 17:09 | Create | Archer |
| 17:13 | Create | Villager (Male) |
| 17:29 | Research | Fletching |
| 17:29 | Create | Villager (Male) |
| 18:30 | Create | Archer |
| 18:31 | Create | Archer |
| 18:31 | Create | Villager (Male) |
| 18:40 | Create | Villager (Male) |
| 18:45 | Create | Archer |
| 18:52 | Research | Forging |
| 19:26 | Age | Castle Age |
| 19:34 | Research | Crossbowman (upgrade) |
| 19:41 | Build | Town Center |
| 19:49 | Create | Cavalry Archer |
| 19:49 | Create | Cavalry Archer |
| 19:56 | Build | House |
| 19:57 | Build | House |
| 20:01 | Build | Farm |
| 20:01 | Build | Farm |
| 20:01 | Build | Farm |
| 20:01 | Build | Farm |
| 20:02 | Build | Farm |
| 20:04 | Research | Double-Bit Axe |
| 20:04 | Research | Horse Collar |
| 20:38 | Build | Archery Range |
| 20:48 | Create | Cavalry Archer |
| 20:48 | Create | Cavalry Archer |
| 20:58 | Create | Villager (Male) |
| 21:32 | Create | Cavalry Archer |
| 21:35 | Create | Villager (Male) |
| 21:36 | Create | Villager (Male) |
| 21:40 | Create | Villager (Male) |
| 21:41 | Create | Villager (Male) |
| 21:46 | Create | Villager (Male) |
| 21:46 | Create | Villager (Male) |
| 21:59 | Create | Villager (Male) |
| 21:59 | Create | Villager (Male) |
| 22:22 | Create | Cavalry Archer |
| 22:22 | Create | Cavalry Archer |
| 22:24 | Create | Villager (Male) |
| 22:25 | Create | Villager (Male) |
| 22:26 | Build | Farm |
| 22:26 | Build | Farm |
| 22:51 | Create | Villager (Male) |
| 22:51 | Create | Villager (Male) |
| 23:02 | Create | Villager (Male) |
| 23:06 | Build | House |
| 23:07 | Build | House |
| 23:24 | Build | Farm |
| 23:25 | Build | Farm |
| 23:25 | Build | Farm |
| 23:25 | Create | Villager (Male) |
| 23:28 | Build | House |
| 23:35 | Build | Town Center |
| 23:42 | Build | House |
| 24:55 | Create | Cavalry Archer |
| 24:55 | Create | Cavalry Archer |
| 24:55 | Create | Cavalry Archer |
| 24:57 | Create | Villager (Male) |
| 24:59 | Research | Bodkin Arrow |
| 24:59 | Create | Villager (Male) |
| 25:01 | Build | Farm |
| 25:01 | Build | Farm |
| 25:10 | Build | Monastery |
| 25:13 | Research | Gold Mining |
| 25:14 | Create | Villager (Male) |
| 25:15 | Research | Heavy Plow |
| 25:21 | Build | Farm |
| 25:24 | Create | Villager (Male) |
| 25:24 | Create | Villager (Male) |
| 25:27 | Create | Villager (Male) |
| 25:27 | Create | Villager (Male) |
| 25:30 | Create | Monk |
| 25:44 | Build | House |
| 25:47 | Build | Palisade Wall |
| 26:09 | Create | Cavalry Archer |
| 26:09 | Create | Cavalry Archer |
| 26:13 | Research | Padded Archer Armor |
| 26:14 | Create | Villager (Male) |
| 26:16 | Build | Farm |
| 26:16 | Build | Farm |
| 26:27 | Build | Stable |
| 26:45 | Create | Cavalry Archer |
| 26:45 | Create | Cavalry Archer |
| 26:48 | Create | Villager (Male) |
| 26:49 | Create | Villager (Male) |
| 26:50 | Build | Farm |
| 26:51 | Build | Farm |
| 26:55 | Create | Villager (Male) |
Build order — quierotetris
First 150 of 204 actions detected
| 0:06 | Build | House |
| 0:15 | Build | House |
| 0:16 | Create | Villager (Male) |
| 0:16 | Create | Villager (Male) |
| 0:17 | Create | Villager (Male) |
| 0:17 | Create | Villager (Male) |
| 0:17 | Research | Loom |
| 2:13 | Create | Villager (Male) |
| 2:49 | Build | House |
| 2:50 | Build | House |
| 2:56 | Build | Palisade Wall |
| 3:00 | Build | Palisade Gate |
| 3:16 | Create | Villager (Male) |
| 3:16 | Create | Villager (Male) |
| 5:12 | Create | Villager (Male) |
| 5:12 | Create | Villager (Male) |
| 5:12 | Create | Villager (Male) |
| 5:13 | Create | Villager (Male) |
| 5:13 | Create | Villager (Male) |
| 6:04 | Build | Barracks |
| 6:07 | Create | Villager (Male) |
| 6:10 | Create | Villager (Male) |
| 7:01 | Create | Villager (Male) |
| 7:24 | Build | Mill |
| 7:42 | Create | Militia |
| 8:02 | Build | House |
| 8:06 | Create | Villager (Male) |
| 8:47 | Build | Lumber Camp |
| 9:41 | Create | Villager (Male) |
| 9:41 | Create | Villager (Male) |
| 9:42 | Create | Villager (Male) |
| 10:24 | Build | Mill |
| 11:17 | Research | Feudal Age |
| 12:11 | Create | Militia |
| 12:11 | Create | Militia |
| 13:13 | Build | Mining Camp |
| 13:27 | Age | Feudal Age |
| 13:39 | Build | Mill |
| 13:57 | Create | Villager (Male) |
| 13:57 | Create | Villager (Male) |
| 13:57 | Create | Villager (Male) |
| 14:03 | Create | Villager (Male) |
| 14:29 | Build | Market |
| 14:34 | Create | Villager (Male) |
| 14:35 | Create | Villager (Male) |
| 14:54 | Research | Man-at-Arms (upgrade) |
| 14:58 | Create | Militia |
| 15:08 | Build | House |
| 15:39 | Create | Militia |
| 16:06 | Build | Blacksmith |
| 16:10 | Create | Villager (Male) |
| 16:10 | Create | Villager (Male) |
| 16:11 | Create | Villager (Male) |
| 16:39 | Create | Militia |
| 17:17 | Research | Forging |
| 17:23 | Build | House |
| 17:24 | Build | House |
| 17:36 | Create | Militia |
| 17:36 | Create | Militia |
| 18:37 | Build | Stable |
| 19:26 | Create | Scout Cavalry |
| 19:26 | Create | Scout Cavalry |
| 19:27 | Create | Scout Cavalry |
| 19:42 | Create | Militia |
| 20:28 | Build | Farm |
| 20:29 | Build | Farm |
| 20:29 | Build | Farm |
| 20:29 | Build | Farm |
| 20:30 | Build | Farm |
| 20:49 | Build | Farm |
| 20:56 | Build | House |
| 20:56 | Build | House |
| 20:56 | Build | House |
| 21:13 | Create | Scout Cavalry |
| 21:16 | Create | Militia |
| 21:16 | Create | Militia |
| 21:16 | Create | Militia |
| 21:49 | Build | Farm |
| 21:50 | Build | Farm |
| 21:51 | Build | Farm |
| 21:58 | Create | Villager (Male) |
| 21:58 | Create | Villager (Male) |
| 22:42 | Build | Mining Camp |
| 23:11 | Build | Farm |
| 23:12 | Build | Farm |
| 23:38 | Research | Castle Age |
| 24:21 | Build | House |
| 24:21 | Build | House |
| 24:55 | Create | Scout Cavalry |
| 24:55 | Create | Scout Cavalry |
| 25:17 | Create | Villager (Male) |
| 25:17 | Create | Villager (Male) |
| 25:17 | Create | Villager (Male) |
| 25:27 | Build | Farm |
| 25:28 | Build | Farm |
| 25:28 | Build | Farm |
| 25:31 | Research | Horse Collar |
| 25:39 | Build | House |
| 25:39 | Build | House |
| 26:02 | Research | Stone Mining |
| 26:14 | Build | Barracks |
| 26:18 | Age | Castle Age |
| 26:23 | Create | Villager (Male) |
| 26:23 | Create | Villager (Male) |
| 26:43 | Build | Farm |
| 26:44 | Build | Farm |
| 26:44 | Build | Farm |
| 26:45 | Build | Farm |
| 26:45 | Build | Farm |
| 26:46 | Build | Farm |
| 27:17 | Build | Farm |
| 27:22 | Create | Villager (Male) |
| 27:22 | Create | Villager (Male) |
| 27:27 | Build | Farm |
| 28:00 | Build | Farm |
| 28:46 | Build | Castle |
| 28:53 | Research | Scale Mail Armor |
| 29:05 | Build | Mining Camp |
| 29:21 | Build | House |
| 29:22 | Build | House |
| 29:22 | Build | House |
| 29:22 | Build | House |
| 29:28 | Create | Villager (Male) |
| 29:28 | Create | Villager (Male) |
| 29:28 | Create | Villager (Male) |
| 29:29 | Create | Villager (Male) |
| 29:53 | Create | Villager (Male) |
| 29:54 | Create | Villager (Male) |
| 29:59 | Create | Villager (Male) |
| 30:01 | Create | Huskarl |
| 30:54 | Build | Siege Workshop |
| 30:59 | Create | Villager (Male) |
| 30:59 | Create | Villager (Male) |
| 30:59 | Create | Villager (Male) |
| 31:11 | Create | Huskarl |
| 31:11 | Create | Huskarl |
| 31:11 | Create | Huskarl |
| 31:12 | Create | Huskarl |
| 31:12 | Create | Huskarl |
| 31:16 | Create | Villager (Male) |
| 31:16 | Create | Villager (Male) |
| 31:24 | Research | Gold Mining |
| 32:07 | Create | Huskarl |
| 32:07 | Create | Huskarl |
| 32:08 | Create | Huskarl |
| 32:08 | Create | Huskarl |
| 32:17 | Create | Villager (Male) |
| 32:33 | Create | Villager (Male) |
| 32:41 | Research | Iron Casting |
| 32:41 | Research | Chain Mail Armor |
Build order — ANDREZZA_KUKAH
First 150 of 214 actions detected
| 0:02 | Create | Villager (Male) |
| 0:02 | Create | Villager (Male) |
| 0:02 | Create | Villager (Male) |
| 0:04 | Build | House |
| 0:06 | Build | House |
| 0:14 | Create | Villager (Male) |
| 0:14 | Create | Villager (Male) |
| 1:32 | Create | Villager (Male) |
| 1:48 | Research | Loom |
| 2:18 | Create | Villager (Male) |
| 2:18 | Create | Villager (Male) |
| 3:10 | Create | Villager (Male) |
| 3:10 | Create | Villager (Male) |
| 4:06 | Build | Palisade Gate |
| 4:16 | Build | House |
| 4:19 | Build | House |
| 4:31 | Create | Villager (Male) |
| 4:32 | Create | Villager (Male) |
| 4:37 | Build | House |
| 4:40 | Build | House |
| 4:46 | Build | Palisade Wall |
| 4:48 | Build | Palisade Wall |
| 4:48 | Build | Palisade Wall |
| 4:49 | Build | Palisade Wall |
| 4:54 | Build | Palisade Wall |
| 4:55 | Build | Palisade Wall |
| 4:55 | Build | Palisade Wall |
| 4:56 | Build | Palisade Wall |
| 5:16 | Create | Villager (Male) |
| 5:17 | Create | Villager (Male) |
| 5:38 | Build | Lumber Camp |
| 5:40 | Create | Villager (Male) |
| 5:50 | Create | Villager (Male) |
| 5:50 | Create | Villager (Male) |
| 6:11 | Build | House |
| 6:17 | Create | Villager (Male) |
| 6:17 | Create | Villager (Male) |
| 6:26 | Build | Mill |
| 6:49 | Build | House |
| 6:54 | Create | Villager (Male) |
| 7:40 | Build | House |
| 8:19 | Build | House |
| 8:33 | Create | Villager (Male) |
| 8:54 | Build | House |
| 8:58 | Create | Villager (Male) |
| 9:12 | Create | Villager (Male) |
| 9:27 | Build | Mining Camp |
| 9:29 | Create | Villager (Male) |
| 9:47 | Research | Feudal Age |
| 10:06 | Build | Farm |
| 10:24 | Build | Farm |
| 10:25 | Build | Farm |
| 10:27 | Build | Farm |
| 11:19 | Build | Farm |
| 11:52 | Build | Farm |
| 11:54 | Create | Villager (Male) |
| 11:58 | Age | Feudal Age |
| 12:07 | Build | Gate |
| 12:25 | Build | Barracks |
| 12:27 | Create | Villager (Male) |
| 12:27 | Create | Villager (Male) |
| 12:34 | Create | Villager (Male) |
| 13:45 | Build | Stone Wall |
| 13:46 | Build | Stone Wall |
| 13:54 | Build | Stone Wall |
| 13:56 | Create | Villager (Male) |
| 13:56 | Create | Villager (Male) |
| 14:40 | Build | Stone Wall |
| 14:45 | Create | Villager (Male) |
| 14:50 | Build | Farm |
| 15:09 | Build | Stone Wall |
| 15:12 | Create | Villager (Male) |
| 15:13 | Create | Villager (Male) |
| 15:21 | Create | Villager (Male) |
| 15:24 | Build | Farm |
| 15:42 | Build | Archery Range |
| 15:50 | Build | Market |
| 15:55 | Create | Villager (Male) |
| 16:16 | Build | Stable |
| 16:20 | Create | Villager (Male) |
| 16:22 | Build | Farm |
| 16:23 | Create | Villager (Male) |
| 16:51 | Build | Farm |
| 16:53 | Create | Villager (Male) |
| 17:04 | Build | Farm |
| 17:10 | Research | Castle Age |
| 17:14 | Create | Archer |
| 17:14 | Create | Archer |
| 17:23 | Build | Stone Wall |
| 17:24 | Build | Stone Wall |
| 17:24 | Build | Stone Wall |
| 17:25 | Build | Stone Wall |
| 17:31 | Create | Archer |
| 17:31 | Create | Archer |
| 18:00 | Create | Archer |
| 18:13 | Create | Spearman |
| 18:13 | Create | Spearman |
| 18:33 | Build | Stone Wall |
| 18:33 | Build | Stone Wall |
| 19:44 | Build | Stone Wall |
| 19:45 | Build | Stone Wall |
| 19:50 | Age | Castle Age |
| 20:04 | Build | Town Center |
| 20:40 | Create | Villager (Male) |
| 20:40 | Create | Villager (Male) |
| 21:09 | Research | Double-Bit Axe |
| 21:11 | Create | Villager (Male) |
| 21:11 | Create | Villager (Male) |
| 21:12 | Create | Villager (Male) |
| 21:12 | Create | Villager (Male) |
| 21:13 | Create | Villager (Male) |
| 21:14 | Create | Villager (Male) |
| 21:14 | Create | Villager (Male) |
| 21:31 | Create | Villager (Male) |
| 21:45 | Build | Farm |
| 22:06 | Build | University |
| 22:09 | Build | Farm |
| 22:29 | Create | Villager (Male) |
| 22:30 | Create | Villager (Male) |
| 22:37 | Build | Farm |
| 22:54 | Build | House |
| 23:24 | Build | Farm |
| 23:27 | Build | Farm |
| 23:30 | Create | Villager (Male) |
| 23:46 | Create | Villager (Male) |
| 23:52 | Create | Villager (Male) |
| 23:55 | Create | Villager (Male) |
| 23:56 | Create | Villager (Male) |
| 24:06 | Research | Crossbowman (upgrade) |
| 24:23 | Build | Archery Range |
| 24:29 | Build | Farm |
| 24:32 | Create | Villager (Male) |
| 24:32 | Create | Villager (Male) |
| 24:36 | Research | Town Watch |
| 25:11 | Research | Wheelbarrow |
| 25:25 | Build | House |
| 25:28 | Build | Farm |
| 25:49 | Build | House |
| 26:02 | Research | Treadmill Crane |
| 26:14 | Build | Castle |
| 26:24 | Create | Villager (Male) |
| 26:24 | Create | Villager (Male) |
| 26:25 | Create | Villager (Male) |
| 26:25 | Create | Villager (Male) |
| 26:30 | Create | Archer |
| 26:30 | Create | Archer |
| 26:40 | Create | Archer |
| 26:40 | Create | Archer |
| 26:44 | Build | House |
| 26:46 | Build | House |
Match timeline
| 2:36 | TheSaxonKnight · wall_segment Palisade Wall x13 |
| 2:56 | quierotetris · wall_segment Palisade Wall x10 |
| 4:46 | ANDREZZA_KUKAH · wall_segment Palisade Wall x1 |
| 4:48 | ANDREZZA_KUKAH · wall_segment Palisade Wall x1 |
| 4:48 | ANDREZZA_KUKAH · wall_segment Palisade Wall x1 |
| 4:49 | ANDREZZA_KUKAH · wall_segment Palisade Wall x1 |
| 4:54 | ANDREZZA_KUKAH · wall_segment Palisade Wall x1 |
| 4:55 | ANDREZZA_KUKAH · wall_segment Palisade Wall x1 |
| 4:55 | ANDREZZA_KUKAH · wall_segment Palisade Wall x1 |
| 4:56 | ANDREZZA_KUKAH · wall_segment Palisade Wall x1 |
| 6:04 | quierotetris · first_building Barracks |
| 8:13 | DEMON_JR_KUKAH · first_building Barracks |
| 10:32 | DEMON_JR_KUKAH · age_up feudal |
| 10:41 | DEMON_JR_KUKAH · first_building Archery Range |
| 11:28 | TheSaxonKnight · first_building Barracks |
| 11:58 | ANDREZZA_KUKAH · age_up feudal |
| 12:25 | ANDREZZA_KUKAH · first_building Barracks |
| 13:27 | quierotetris · age_up feudal |
| 13:31 | TheSaxonKnight · age_up feudal |
| 13:45 | ANDREZZA_KUKAH · wall_segment Stone Wall x1 |
| 13:46 | ANDREZZA_KUKAH · wall_segment Stone Wall x1 |
| 13:54 | ANDREZZA_KUKAH · wall_segment Stone Wall x1 |
| 14:40 | ANDREZZA_KUKAH · wall_segment Stone Wall x1 |
| 15:09 | ANDREZZA_KUKAH · wall_segment Stone Wall x1 |
| 15:42 | ANDREZZA_KUKAH · first_building Archery Range |
| 15:54 | TheSaxonKnight · first_market_buy 100 food |
| 16:16 | ANDREZZA_KUKAH · first_building Stable |
| 17:23 | ANDREZZA_KUKAH · wall_segment Stone Wall x1 |
| 17:24 | ANDREZZA_KUKAH · wall_segment Stone Wall x1 |
| 17:24 | ANDREZZA_KUKAH · wall_segment Stone Wall x1 |
| 17:25 | ANDREZZA_KUKAH · wall_segment Stone Wall x1 |
| 18:33 | ANDREZZA_KUKAH · wall_segment Stone Wall x1 |
| 18:33 | ANDREZZA_KUKAH · wall_segment Stone Wall x1 |
| 18:37 | quierotetris · first_building Stable |
| 18:44 | TheSaxonKnight · age_up castle |
| 18:48 | TheSaxonKnight · first_building Krepost |
| 19:26 | DEMON_JR_KUKAH · age_up castle |
| 19:44 | ANDREZZA_KUKAH · wall_segment Stone Wall x1 |
| 19:45 | ANDREZZA_KUKAH · wall_segment Stone Wall x1 |
| 19:50 | ANDREZZA_KUKAH · age_up castle |
| 20:22 | TheSaxonKnight · first_building Monastery |
| 21:51 | ANDREZZA_KUKAH · first_market_buy 100 wood |
| 23:24 | quierotetris · first_market_buy 100 food |
| 23:34 | quierotetris · first_market_sell 100 wood |
| 25:10 | DEMON_JR_KUKAH · first_building Monastery |
| 25:47 | DEMON_JR_KUKAH · wall_segment Palisade Wall x1 |
| 26:14 | ANDREZZA_KUKAH · first_building Castle |
| 26:18 | quierotetris · age_up castle |
| 26:27 | DEMON_JR_KUKAH · first_building Stable |
| 26:35 | ANDREZZA_KUKAH · first_market_sell 100 wood |
| 28:46 | quierotetris · first_building Castle |
| 30:54 | quierotetris · first_building Siege Workshop |
| 31:11 | TheSaxonKnight · first_market_sell 100 stone |
| 33:40 | TheSaxonKnight · first_building Castle |
| 33:49 | DEMON_JR_KUKAH · first_market_sell 100 wood |
| 33:53 | DEMON_JR_KUKAH · first_market_buy 100 food |
| 34:05 | DEMON_JR_KUKAH · first_building Siege Workshop |
| 34:33 | TheSaxonKnight · age_up imperial |
| 35:07 | DEMON_JR_KUKAH · wall_segment Palisade Wall x8 |
| 38:00 | DEMON_JR_KUKAH · age_up imperial |
| 38:22 | DEMON_JR_KUKAH · tribute_sent a jugador 2 |
| 38:22 | DEMON_JR_KUKAH · tribute_sent a jugador 3 |
| 38:22 | DEMON_JR_KUKAH · tribute_sent a jugador 4 |
| 42:31 | DEMON_JR_KUKAH · resign |
[ AI ANALYSIS · 1 CREDIT ]
What really happened in this match?
Wolo.gg analyzes every decision: build order, eco, micro, common mistakes by bracket. Personalized analysis on WhatsApp or Discord in 30 seconds.
Civ guide
Bulgarians
Perfil
Jugador #8487